 Dungeon Crawl Stone Soup version 0.24-a0-117-g53b51606c3 (webtiles) character file.

Game seed: 15972873861251525535

585 Maize the Chopper (level 7, 0/61 HPs)
             Began as a Hill Orc Fighter on Feb 18, 2019.
             Was a Believer of Okawaru.
             Slain by a scorpion (4 damage)
             ... on level 4 of the Dungeon.
             The game lasted 00:05:00 (3600 turns).

Maize the Chopper (Hill Orc Fighter)                Turns: 3600, Time: 00:05:00

Health: 0/61       AC: 12    Str: 20    XL:     7   Next: 37%
Magic:  8/9        EV: 12    Int:  3    God:    Okawaru [**....]
Gold:   64         SH: 12    Dex: 11    Spells: 6/6 levels left

rFire    + . .     SeeInvis .   p - +2 flail "Keygoalo" {pain, +Inv rElec rF+ Int-5}
rCold    . . .     Gourm    .   c - +0 shield
rNeg     . . .     Faith    .   r - +3 ring mail
rPois    .         Spirit   .   h - +0 helmet
rElec    +         Reflect  .   (no cloak)
rCorr    .         Harm     .   (no gloves)
MR       .....                  l - +0 pair of boots
Stlth    ++........             (no amulet)
HPRegen  0.20/turn              (no ring)
MPRegen  0.11/turn              (no ring)

@: lethally poisoned (0 -> -4), heroism
A: no striking features
a: Heroism, Renounce Religion, Evoke Invisibility


You were on level 4 of the Dungeon.
You worshipped Okawaru.
Okawaru was pleased with you.
You were not hungry.

You visited 1 branch of the dungeon, and saw 4 of its levels.

You collected 200 gold pieces.
You spent 136 gold pieces at shops.

Inventory:

Hand Weapons
 a - a +0 war axe
 b - a +2 vampiric hand axe
 p - the +2 flail "Keygoalo" (weapon) {pain, +Inv rElec rF+ Int-5}
   (You bought it in a shop on level 4 of the Dungeon)

   In the hands of one skilled in necromantic magic, it inflicts extra damage on
   living creatures.
   It affects your intelligence (-5).
   It protects you from fire.
   It insulates you from electricity.
   It lets you turn invisible.
Armour
 c - a +0 shield (worn)
 h - a +0 helmet (worn)
 l - a +0 pair of boots (worn)
 r - a +3 ring mail (worn)
Scrolls
 i - a scroll of identify {unknown}
 o - a scroll of remove curse
 q - a scroll of random uselessness {unknown}
 s - a scroll of fog {unknown}
Potions
 d - a potion of might
 e - a potion of ambrosia {unknown}
 g - 3 potions of flight {unknown}
 j - 2 potions of curing {unknown}
 m - a potion of heal wounds {unknown}
 n - a potion of lignification {unknown}
 t - a potion of resistance {unknown}
Comestibles
 f - 7 rations
 k - 2 chunks of flesh


   Skills:
 + Level 5.5(10.5) Fighting
 * Level 6.9(11.9) Axes
 - Level 3.2(8.2) Armour
 + Level 5.0(10.0) Shields
 + Level 3.9 Invocations


You had 6 spell levels left.
You didn't know any spells.
Your spell library was empty.

Dungeon Overview and Level Annotations

Branches:
Dungeon (4/15)
 Temple: D:4-7

Altars:
Dithmenos
Elyvilon
Gozag
Hepliaklqana
Nemelex Xobeh
Okawaru
Qazlal

Shops:
D:4 ?=(

Annotations:
D:4 Grinder


Message History

You feel sick. The orc completely misses you. The scorpion barely misses you.
You can move again.
Unknown command.
Unknown command.
Unknown command.
Unknown command.
You hit Grinder.
Grinder is heavily wounded.
* * * LOW HITPOINT WARNING * * *
You feel sick. You block the orc's attack.
Grinder blinks!
The scorpion closely misses you. The orc hits you but does no damage.
* * * LOW HITPOINT WARNING * * *
You feel sick. You block the scorpion's attack.
* * * LOW HITPOINT WARNING * * *
You feel sick. The scorpion closely misses you. The orc barely misses you.
You sock the scorpion!
The scorpion is severely wounded.
* * * LOW HITPOINT WARNING * * *
You feel sick. Grinder barely misses you. The scorpion stings you.
You die...

##.## ..# ###.## ...## #...#
#...# .# #...## #...## .#
#....# #....###. #. ##...##
##........ .. ##...#
#......... .# #...#
##os....... .#
#...###.5@..####
.#######....##....##
.....##............#
...................#####..#
....................#.....#
..........................##
...........................###
..............................
...........................#


You could see Grinder, a scorpion and an orc.

Vanquished Creatures
  Sigmund (D:3)
  Edmund (D:4)
  Blork the orc (D:4)
  A scorpion (D:4)
  An orc priest (D:3)
  A centaur skeleton (D:4)
  An iguana (D:4)
  Robin (D:3)
  3 adders
  An ooze (D:2)
  3 worms
  2 dart slugs
  4 orcs (D:3)
  A ball python (D:4)
  6 bats
  2 giant cockroaches
  11 goblins
  7 hobgoblins
  2 jackals (D:3)
  3 kobolds
  6 frilled lizards
  6 rats
65 creatures vanquished.

Notes
Turn   | Place    | Note
-------+----------+-------------------------------------------
     0 | D:1      | Maize the Hill Orc Fighter began the quest for the Orb.
     0 | D:1      | Reached XP level 1. HP: 19/19 MP: 1/1
   274 | D:1      | Reached skill level 3 in Axes
   280 | D:1      | Reached XP level 2. HP: 16/27 MP: 2/2
   979 | D:2      | Found a white marble altar of Elyvilon.
   979 | D:2      | Found a hazy altar of Hepliaklqana.
   979 | D:2      | Found a sparkling altar of Nemelex Xobeh.
   979 | D:2      | Found an iron altar of Okawaru.
   987 | D:2      | Became a worshipper of Warmaster Okawaru
  1404 | D:2      | Reached XP level 3. HP: 33/33 MP: 3/3
  1689 | D:2      | Reached skill level 4 in Axes
  1967 | D:3      | Reached skill level 1 in Invocations
  1968 | D:3      | Noticed Sigmund
  1972 | D:3      | Killed Sigmund
  1972 | D:3      | Reached * piety under Okawaru
  1972 | D:3      | Reached skill level 5 in Axes
  1972 | D:3      | Reached XP level 4. HP: 27/41 MP: 3/5
  1972 | D:3      | Reached XP level 5. HP: 31/47 MP: 3/6
  2142 | D:3      | Found a shadowy altar of Dithmenos.
  2147 | D:3      | Noticed Robin
  2174 | D:3      | Killed Robin
  2189 | D:3      | Reached XP level 6. HP: 52/53 MP: 7/7
  2750 | D:3      | Reached skill level 5 in Fighting
  2775 | D:4      | Found Fifogiar's Antique Weapon Shop.
  2781 | D:4      | Bought an ebony flail for 136 gold pieces
  2781 | D:4      | Identified the +2 flail "Keygoalo" {pain, +Inv rElec rF+
                  | Int-5} (You bought it in a shop on level 4 of the Dungeon)
  2824 | D:4      | Found Gapsoz's Jewellery Shoppe.
  2838 | D:4      | Found an opulent altar of Gozag.
  2838 | D:4      | Found a stormy altar of Qazlal.
  2992 | D:4      | Noticed Blork the orc
  3007 | D:4      | Reached skill level 6 in Axes
  3015 | D:4      | Killed Blork the orc
  3015 | D:4      | Reached ** piety under Okawaru
  3284 | D:4      | Found Ithit's Magic Scroll Shoppe.
  3291 | D:4      | Reached XP level 7. HP: 58/61 MP: 9/9
  3331 | D:4      | Noticed Edmund
  3356 | D:4      | Killed Edmund
  3356 | D:4      | Reached skill level 5 in Shields
  3575 | D:4      | Noticed Grinder
  3578 | D:4      | Paralysed by Grinder for 5 turns
  3594 | D:4      | Paralysed by Grinder for 3 turns
  3600 | D:4      | Slain by a scorpion

Levels and vault maps discovered:
D:1:      lightli_arrival_statuegarden, layout_basic
D:2:      layout_basic, grunt_temple_overflow_open
D:3:      layout_basic, nicolae_dithmenos_shadow_blocks, uniq_sigmund,
          uniq_robin
D:4:      layout_layer_cave, lemuel_coloured_pillars_altar,
          gammafunk_temple_overflow_pools, serial_shops, shop, shop,
          nicolae_shop_statue_plus, nicolae_shop_stone, uniq_edmund,
          uniq_grinder, uniq_blork_the_orc

Skill      XL: |  1  2  3  4  5  6  7 |
---------------+----------------------+-----
Axes           | 3 5 6 |  6.9
Fighting       | 4 5 |  5.5
Invocations    | 2 3 |  3.9
Shields        | 4 5 |  5.0
Armour         | |  3.2

Action                   |  1- 3 |  4- 6 |  7- 9 || total
-------------------------+-------+-------+-------++-------
Melee: War axe           |   123 |    89 |       ||   212
       Flail             |       |    41 |    49 ||    90
Invok: Heroism           |       |     1 |     1 ||     2
  Use: Scroll            |       |       |     1 ||     1
  Eat: Chunk             |     1 |     3 |     2 ||     6
       Ration            |     1 |       |       ||     1
Armor: Scale mail        |    78 |    16 |       ||    94
       Ring mail         |       |    32 |    35 ||    67
Dodge: Dodged            |    46 |    45 |    23 ||   114
Block: Shield            |    66 |    73 |    34 ||   173

Table legend:
 A = Non-vault XP
 B = Vault XP
 C = Vault XP percentage of total XP
 D = Non-vault monster count
 E = Vault monster count
 F = Vault count percentage of total count
                 A         B        C        D         E       F
            +---------+---------+-------+---------+---------+-------
      Total |     321 |     515 |  61.6 |      50 |      15 |  23.1
            +---------+---------+-------+---------+---------+-------
        D:1 |      22 |       0 |   0.0 |      14 |       0 |   0.0
        D:2 |      37 |       0 |   0.0 |       9 |       0 |   0.0
        D:3 |      90 |     257 |  74.1 |      17 |      13 |  43.3
        D:4 |     172 |     258 |  60.0 |      10 |       2 |  16.7
            +---------+---------+-------+---------+---------+-------
